[Event "Titled Tuesday Blitz August 1 Late 2023"]
[White "Semenova, Alina"]
[Black "Rodriguez Santiago, Jaime"]
[WhiteFideId "24113875"]
[BlackFideId "3100898"]
[WhiteElo "2082"]
[BlackElo "2340"]
[Result "0-1"]
[Round "7"]
[TimeControl "180+1"]
[Date "2023.08.01"]
[WhiteClock "0:00:10"]
[BlackClock "0:00:14"]
[Board "137"]

1. e4 c6 2. d4 d5 3. exd5 cxd5 4. Bd3 Nc6 5. c3 Qc7 6. Be3 Nf6 7. Nf3 Bg4 8. h3 Bh5 9. Nbd2 e6 10. Qc2 Rc8 11. Rc1 Bd6 12. g4 Bg6 13. Bxg6 hxg6 14. g5 Nh5 15. Ke2 Bf4 16. Qd3 Bxe3 17. Kxe3 Ne7 18. Qb5+ Kf8 19. Ne5 Nf5+ 20. Kf3 a6 21. Qd7 Qxd7 22. Nxd7+ Ke7 23. Ne5 Nd6 24. Kg4 b5 25. Kf3 a5 26. Kg4 Rc7 27. h4 Rb8 28. Nb3 a4 29. Nc5 Rb6 30. Kf3 b4 31. cxb4 Rxb4 32. Ncd3 Rxc1 33. Rxc1 Rxd4 34. Nc6+ Kd7 35. Nxd4 Nc4 36. Nc5+ Ke7 37. Nd3 Nd2+ 38. Ke2 Ne4 39. Nc6+ Kd6 40. Nd4 e5 41. Nb5+ Ke6 42. Nc5+ Kf5 43. Nxe4 Nf4+ 44. Kf3 dxe4+ 45. Kg3 Ne2+ 46. Kh3 Nxc1 47. Nc3 Nd3 48. Kg2 Nxb2 49. f3 exf3+ 50. Kxf3 a3 51. Nb5 Nc4 52. Kg2 Kg4 53. h5 Kxh5 54. Nd6 Kxg5 55. Nxc4 Kf5 56. Nxa3 Ke4 57. Nc2 f5 58. a4 Kd5 59. a5 Kc5 60. a6 Kb6 61. Nb4 Ka7 62. Kf3 g5 63. Ke3 g6 64. Kf2 g4 65. Kg3 g5 66. Kf2 f4 67. Kf1 e4 68. Nc6+ Kxa6 69. Nd4 Kb6 70. Ne6 Kc6 71. Nxg5 Kd5 72. Nf7 Kd4 73. Nh6 g3 74. Nf5+ Kd3 75. Kg2 Ke2 76. Nd4+ Ke3 77. Nf5+ Kd2 78. Nd6 e3 79. Kf3 e2 80. Ne4+ Kd3 81. Nc3 e1=Q 82. Ne4 Qe2+ 83. Kxf4 Qxe4+ 84. Kxg3 Qe3+ 85. Kg4 Qe2+ 86. Kf5 Kd2 87. Kf4 Ke1 88. Kg3 Kf1 89. Kf4 Qf2+ 90. Ke4 Ke2 91. Kd5 Kd3 92. Ke5 Qe2+ 93. Kf4 Qe3+ 94. Kf5 Qe4+ 95. Kf6 Kd4 96. Kg5 Qd5+ 97. Kf6 Ke4 98. Ke7 Ke5 99. Kf8 Qb7 100. Ke8 Ke6 101. Kd8 Qd7# 0-1


[Site "https://www.chess.com"]

[Event "Titled Tuesday Blitz August 1 Late 2023"]
[White "dorpato"]
[Black "Awoki, Daniel Teidi"]
[BlackFideId "2100827"]
[WhiteElo "2027"]
[BlackElo "2317"]
[Result "1-0"]
[Round "7"]
[TimeControl "180+1"]
[Date "2023.08.01"]
[WhiteClock "0:00:14"]
[BlackClock "0:00:08"]
[Board "138"]

1. e4 c5 2. Nc3 d6 3. g3 g6 4. Bg2 Nc6 5. d3 Bg7 6. Be3 e6 7. Qd2 Rb8 8. h3 Nge7 9. Bh6 O-O 10. Bxg7 Kxg7 11. f4 b5 12. Nf3 b4 13. Ne2 h6 14. O-O a5 15. g4 f5 16. Ng3 Nd4 17. c3 bxc3 18. bxc3 Ndc6 19. exf5 exf5 20. g5 h5 21. Nh4 Be6 22. Rfe1 Qd7 23. Re2 Bd5 24. Rae1 Bxg2 25. Kxg2 Rfe8 26. d4 cxd4 27. cxd4 Nd5 28. Kh2 Rxe2+ 29. Rxe2 Re8 30. Ng2 Rxe2 31. Qxe2 Qe7 32. Qc4 Ncb4 33. a3 Nb6 34. Qc3 N4d5 35. Qxa5 Qe4 36. Qd2 Qb1 37. Qc3 Qb5 38. Qa1 Qa4 39. Qa2 Nc4 40. Ne2 Nde3 41. Nc3 Qxa3 42. Qxa3 Nxa3 43. Nxe3 Kf7 44. Kg2 Ke6 45. Kf3 Ke7 46. Ke2 Kd7 47. Kd2 Kc6 48. Kc1 Nb5 49. Nxb5 Kxb5 50. Kc2 Kc6 51. Kc3 d5 52. Nc2 Kd6 53. Nb4 Ke6 54. Na6 Kd6 55. Kb4 Kd7 56. Kc5 Ke6 57. Kc6 h4 58. Nc5+ Ke7 59. Kxd5 Kf7 60. Nd3 Kg7 61. Ke5 Kh7 62. d5 1-0


[Site "https://www.chess.com"]

[Event "Titled Tuesday Blitz August 1 Late 2023"]
[White "Ahn, Hongjin"]
[Black "Vargas, Mauricio"]
[WhiteFideId "13201492"]
[BlackFideId "4404572"]
[WhiteElo "2310"]
[BlackElo "1889"]
[Result "1-0"]
[Round "7"]
[TimeControl "180+1"]
[Date "2023.08.01"]
[WhiteClock "0:00:52"]
[BlackClock "0:00:00"]
[Board "139"]

1. e4 d5 2. exd5 Qxd5 3. Nc3 Qa5 4. d4 c6 5. Nf3 Nf6 6. Ne5 Bf5 7. Nc4 Qc7 8. Bd3 Bxd3 9. Qxd3 e6 10. Qf3 Be7 11. Bf4 Qd8 12. O-O-O O-O 13. Ne4 Nxe4 14. Qxe4 Nd7 15. h4 Nf6 16. Qe2 Rc8 17. g4 Nd5 18. Bd2 b5 19. Ne5 a6 20. g5 c5 21. f4 cxd4 22. h5 Qc7 23. Kb1 Qxc2+ 24. Ka1 Qa4 25. g6 Rc2 26. gxh7+ Kh8 27. h6 g6 28. Rdg1 Kxh7 29. Nxf7 Rxf7 30. Qxe6 Rf6 31. Qxd5 Rxd2 32. f5 Qb4 33. fxg6+ Kh8 34. g7+ 1-0


[Site "https://www.chess.com"]

[Event "Titled Tuesday Blitz August 1 Late 2023"]
[White "Akhayan, Ruben"]
[Black "Dominguez Rincon, Miller Duvan"]
[WhiteFideId "204439"]
[BlackFideId "4406583"]
[WhiteElo "2284"]
[BlackElo "1967"]
[Result "0-1"]
[Round "7"]
[TimeControl "180+1"]
[Date "2023.08.01"]
[WhiteClock "0:00:46"]
[BlackClock "0:00:14"]
[Board "140"]

1. e4 e5 2. Bc4 Nf6 3. d3 c6 4. Nf3 d6 5. O-O Be7 6. Nc3 O-O 7. h3 b5 8. Bb3 a5 9. a4 b4 10. Ne2 Be6 11. Ng3 Bxb3 12. cxb3 g6 13. Kh2 Nbd7 14. Be3 c5 15. Nd2 Nb8 16. Nc4 Nc6 17. f4 Nd7 18. f5 Bg5 19. Qg4 Bxe3 20. Nxe3 Nd4 21. Nd5 Nf6 22. Nxf6+ Qxf6 23. Nh5 Qd8 24. f6 Kh8 25. Ng3 Nxb3 26. Rad1 Nd4 27. Rf2 h6 28. Rdf1 Qc8 29. Qh4 Kh7 30. Nf5 Nxf5 31. exf5 g5 32. Qh5 Qd8 33. h4 Qxf6 34. Rf3 Rg8 35. Rh3 gxh4 36. Rxh4 Rg5 37. Qf3 Rag8 38. Rh3 Qg7 39. Rf2 f6 40. b3 Rg4 41. Kh1 Qg5 42. Rh2 Rg7 43. Kg1 Qc1+ 44. Rf1 Qd2 45. Kh1 Qg5 46. Rf2 Rf4 47. Qe2 Rxf2 48. Qxf2 Qc1+ 49. Qg1 Qxg1+ 50. Kxg1 Rg3 51. Rh3 Rxh3 52. gxh3 h5 53. Kf2 d5 54. Kg3 Kh6 55. Kh4 c4 56. dxc4 dxc4 57. bxc4 b3 0-1


[Site "https://www.chess.com"]

[Event "Titled Tuesday Blitz August 1 Late 2023"]
[White "Silvestre, Christian"]
[Black "Joubert, Dantelle"]
[WhiteFideId "30956269"]
[BlackFideId "14310813"]
[WhiteElo "2311"]
[BlackElo "2048"]
[Result "1-0"]
[Round "7"]
[TimeControl "180+1"]
[Date "2023.08.01"]
[WhiteClock "0:01:47"]
[BlackClock "0:00:27"]
[Board "141"]

1. e4 c5 2. Nc3 g6 3. f4 Bg7 4. Nf3 Nc6 5. Bc4 e6 6. O-O Nge7 7. d3 O-O 8. a3 d5 9. Ba2 Nd4 10. Kh1 Rb8 11. e5 b5 12. Nxd4 cxd4 13. Ne2 Qb6 14. Bd2 a5 15. Qe1 Ra8 16. g4 Bb7 17. Qh4 Nc6 18. Qg3 Rac8 19. h4 Ne7 20. Rac1 Rc7 21. h5 Rfc8 22. hxg6 hxg6 23. Bb1 b4 24. axb4 axb4 25. Rf2 Ba6 26. b3 Qa5 27. Rg1 Rxc2 28. Bxc2 Rxc2 29. Nxd4 Rb2 30. f5 Qc5 31. Be3 Rxf2 32. Bxf2 exf5 33. gxf5 Qc3 34. f6 Bxd3 35. fxe7 Be4+ 36. Kh2 1-0


[Site "https://www.chess.com"]

[Event "Titled Tuesday Blitz August 1 Late 2023"]
[White "Gerbelli Neto, Eduardo"]
[Black "Lacasa Diaz, Jose Antonio"]
[WhiteFideId "2103281"]
[BlackFideId "2203375"]
[WhiteElo "2296"]
[BlackElo "2287"]
[Result "1-0"]
[Round "7"]
[TimeControl "180+1"]
[Date "2023.08.01"]
[WhiteClock "0:00:16"]
[BlackClock "0:00:00"]
[Board "142"]

1. e4 c5 2. Nc3 g6 3. f4 Bg7 4. Nf3 Nc6 5. Bc4 e6 6. f5 d5 7. exd5 exd5 8. Bxd5 Bxf5 9. Bxc6+ bxc6 10. O-O Ne7 11. d3 O-O 12. Be3 Nd5 13. Bxc5 Nxc3 14. bxc3 Re8 15. d4 Qa5 16. Qd2 Rad8 17. Bb4 Qb5 18. Qf2 a5 19. a4 Qd5 20. Bc5 Qc4 21. Rae1 Qxc3 22. Nh4 Qxc2 23. Nxf5 Qxf2+ 24. Kxf2 gxf5 25. Rxe8+ Rxe8 26. Kg3 Re3+ 27. Kf4 Bxd4 28. Bxd4 Re4+ 29. Kxf5 Rxd4 30. Rc1 Rxa4 31. Rxc6 Ra2 32. g4 1-0


[Site "https://www.chess.com"]

[Event "Titled Tuesday Blitz August 1 Late 2023"]
[White "Firouzja, Alireza"]
[Black "Carlsen, Magnus"]
[WhiteFideId "12573981"]
[BlackFideId "1503014"]
[WhiteElo "3100"]
[BlackElo "3255"]
[Result "1/2-1/2"]
[Round "8"]
[TimeControl "180+1"]
[Date "2023.08.01"]
[WhiteClock "0:01:37"]
[BlackClock "0:02:18"]
[Board "1"]

1. d4 d5 2. c4 e6 3. Nc3 Bb4 4. e3 Nf6 5. a3 Be7 6. cxd5 exd5 7. Bd3 O-O 8. Nge2 c5 9. dxc5 Bxc5 10. b4 Bd6 11. Bb2 Nc6 12. Nb5 Be5 13. Nbd4 Nxd4 14. Bxd4 Qe7 15. O-O Bg4 16. h3 Bxd4 17. exd4 Bxe2 18. Qxe2 Qxe2 19. Bxe2 Rfc8 20. Rfc1 Kf8 21. Rc5 b6 22. Rcc1 a5 23. bxa5 Rxc1+ 24. Rxc1 Rxa5 25. Rc8+ Ke7 26. Rc7+ Ke6 27. Rc6+ Kd7 28. Rxb6 Rxa3 29. Rb7+ Ke6 30. Rb6+ Ke7 31. Rb7+ Ke6 32. Rb6+ Ke7 33. Rb7+ Ke6 1/2-1/2


[Site "https://www.chess.com"]

[Event "Titled Tuesday Blitz August 1 Late 2023"]
[White "Zhigalko, Sergei"]
[Black "Pakleza, Zbigniew"]
[WhiteFideId "13502956"]
[BlackFideId "1119290"]
[WhiteElo "2921"]
[BlackElo "2805"]
[Result "1-0"]
[Round "8"]
[TimeControl "180+1"]
[Date "2023.08.01"]
[WhiteClock "0:00:02"]
[BlackClock "0:00:00"]
[Board "2"]

1. e4 d6 2. d4 Nf6 3. Nc3 c6 4. Nf3 Bg4 5. h3 Bh5 6. Be2 e6 7. O-O d5 8. e5 Nfd7 9. Be3 Be7 10. Nd2 Bxe2 11. Qxe2 c5 12. Qg4 g6 13. Nb5 cxd4 14. Bxd4 Nc6 15. Nf3 Nxd4 16. Nbxd4 Qb6 17. Rab1 O-O 18. c3 Rac8 19. Qf4 Kg7 20. h4 h6 21. h5 g5 22. Qe3 Nc5 23. Nd2 Qa6 24. b4 Ne4 25. Nxe4 dxe4 26. Rfc1 Qd3 27. Qe1 Rfd8 28. Rd1 Qxc3 29. Qxe4 Qc4 30. a3 Rd5 31. Nxe6+ fxe6 32. Qg6+ Kf8 33. Qxh6+ Ke8 34. Qg6+ Kd7 35. h6 Rf8 36. h7 1-0


[Site "https://www.chess.com"]

[Event "Titled Tuesday Blitz August 1 Late 2023"]
[White "Andreikin, Dmitry"]
[Black "Sjugirov, Sanan"]
[WhiteFideId "4158814"]
[BlackFideId "4189302"]
[WhiteElo "3055"]
[BlackElo "2955"]
[Result "1-0"]
[Round "8"]
[TimeControl "180+1"]
[Date "2023.08.01"]
[WhiteClock "0:00:19"]
[BlackClock "0:00:00"]
[Board "3"]

1. d4 Nf6 2. c4 e6 3. Nf3 d5 4. Bg5 Nbd7 5. e3 h6 6. Bh4 Be7 7. Nbd2 O-O 8. Be2 c5 9. dxc5 Nxc5 10. O-O b6 11. Nd4 Bb7 12. Bf3 Nfe4 13. Bxe7 Qxe7 14. cxd5 Bxd5 15. Nxe4 Nxe4 16. Rc1 Rac8 17. Qe2 Qb7 18. h3 Nf6 19. Bxd5 Qxd5 20. Qa6 Qd7 21. a4 Ne4 22. Nb5 Nc5 23. Qxa7 Qxa7 24. Nxa7 Ra8 25. Nc6 Rxa4 26. Rfd1 Rfa8 27. b4 Nb3 28. Rb1 Ra1 29. Ne5 Rxb1 30. Rxb1 Nd2 31. Rc1 Ne4 32. f3 Ng3 33. Kh2 Nf5 34. e4 Ne3 35. Rc3 Nf1+ 36. Kg1 Ng3 37. Kf2 Nh1+ 38. Kg1 Ng3 39. Kf2 Nh1+ 40. Ke3 Ra2 41. Rc8+ Kh7 42. Nxf7 Rxg2 43. Rc6 Rb2 44. Rxb6 Nf2 45. h4 Nd1+ 46. Kd4 Rb3 47. Ne5 Ne3 48. Rxe6 Ng2 49. Kc4 Rb1 50. Ng6 Ne3+ 51. Kd3 Ng2 52. h5 Rh1 53. Re5 Rh3 54. Ke2 Rh2 55. Kf2 Nh4+ 56. Kg3 1-0


[Site "https://www.chess.com"]

[Event "Titled Tuesday Blitz August 1 Late 2023"]
[White "Grischuk, Alexander"]
[Black "Demidov, Mikhail"]
[WhiteFideId "4126025"]
[BlackFideId "4197143"]
[WhiteElo "3005"]
[BlackElo "2940"]
[Result "1/2-1/2"]
[Round "8"]
[TimeControl "180+1"]
[Date "2023.08.01"]
[WhiteClock "0:00:05"]
[BlackClock "0:00:21"]
[Board "4"]

1. Nf3 g6 2. e4 Bg7 3. d4 d6 4. Bd3 e6 5. O-O b6 6. Re1 Bb7 7. Nbd2 Nd7 8. Nf1 a6 9. c3 Ne7 10. Ng3 b5 11. a4 c6 12. Bf4 e5 13. Be3 O-O 14. Qd2 Qc7 15. Bh6 f6 16. b4 Kh8 17. h4 bxa4 18. Rxa4 a5 19. b5 cxb5 20. Bxb5 Nb6 21. Ra3 Bc6 22. Bd3 a4 23. Bxg7+ Kxg7 24. h5 Be8 25. Rb1 Nc6 26. Nh4 Na5 27. hxg6 hxg6 28. Ngf5+ gxf5 29. Nxf5+ Kg8 30. Qe2 Rf7 31. Qg4+ Kf8 32. Qh4 Kg8 33. Nh6+ Kg7 34. Nf5+ Kg8 35. c4 Nb3 36. Nh6+ Kg7 37. Nf5+ Kg8 38. Nh6+ Kg7 39. Nf5+ Kg8 1/2-1/2


[Site "https://www.chess.com"]

[Event "Titled Tuesday Blitz August 1 Late 2023"]
[White "Martinez Alcantara, Jose Eduardo"]
[Black "Kazakouski, Valery"]
[WhiteFideId "3805662"]
[BlackFideId "13507443"]
[WhiteElo "2983"]
[BlackElo "2905"]
[Result "1/2-1/2"]
[Round "8"]
[TimeControl "180+1"]
[Date "2023.08.01"]
[WhiteClock "0:00:12"]
[BlackClock "0:00:09"]
[Board "5"]

1. e4 c5 2. Nf3 a6 3. c3 d5 4. e5 Nc6 5. d4 cxd4 6. cxd4 Bg4 7. Be3 e6 8. Nc3 Nge7 9. Bd3 Nf5 10. Bxf5 Bxf5 11. O-O h6 12. h3 Be7 13. a3 O-O 14. Ne2 Na5 15. Ng3 Bh7 16. Nh2 Nc4 17. Bc1 Qb6 18. b3 Na5 19. b4 Nc4 20. Ng4 f5 21. exf6 Bxf6 22. Be3 Be7 23. Qe2 Rf7 24. Bxh6 gxh6 25. Nxh6+ Kg7 26. Nxf7 Kxf7 27. Rfe1 Bg6 28. Nh5 Rg8 29. Nf4 Be4 30. Qh5+ Kf8 31. Rxe4 dxe4 32. Re1 e3 33. fxe3 e5 34. Qf5+ Ke8 35. Ne6 Nd6 36. Qxe5 Qc6 37. Qh5+ Kd7 38. Nc5+ Kc8 39. d5 Qe8 40. Qxe8+ Rxe8 41. Ne6 Bf6 42. g4 Rh8 43. Kg2 Kd7 44. e4 Be5 45. Nc5+ Ke7 46. Nd3 Nc4 47. a4 b5 48. axb5 axb5 49. Re2 Kd6 50. Ra2 Ne3+ 51. Kf2 Nc4 52. Ra6+ Kd7 53. Nxe5+ Nxe5 54. Kg3 Rf8 55. Ra7+ Kd6 56. Ra6+ Kd7 57. g5 Rf3+ 58. Kg2 Rf4 59. g6 Rf8 60. h4 Rh8 61. Re6 Nd3 62. Kg3 Nxb4 63. g7 Rg8 64. Rg6 Nd3 65. h5 Ne5 66. Rg5 Nf7 67. Rg6 b4 68. e5 Nxe5 69. Rg5 Nf7 70. Rg6 b3 71. Kf4 b2 72. Rb6 Rxg7 73. Rxb2 Nd6 74. Ra2 Rg8 75. Ra7+ Kd8 76. Ra8+ Nc8 77. h6 Kd7 78. h7 Rh8 79. Rb8 Kc7 80. Rb2 Rxh7 81. Ke5 Re7+ 82. Kd4 Nd6 83. Ra2 Kb7 84. Kc5 Rd7 85. Rb2+ Kc7 86. Kd4 Nf5+ 87. Ke5 Nd6 88. Rc2+ Kd8 89. Ke6 Nc8 90. Ke5 Re7+ 91. Kd4 Kd7 92. Rb2 Nd6 93. Ra2 Kc8 94. Kc5 Nb7+ 95. Kb6 Nd6 96. Kc6 Kd8 97. Kxd6 Rd7+ 98. Ke6 Re7+ 99. Kd6 Rd7+ 100. Kc5 Rc7+ 101. Kb6 Rc1 102. Ra7 Rc2 103. Rh7 Rc1 104. Kb5 Rc2 105. Kb4 Rc1 106. Rg7 Kc8 107. Rg2 Kd7 108. Rg6 Rc2 109. Kb3 Rc1 110. Kb4 Rc2 111. Kb5 Rc1 112. Rh6 Rc2 113. Rc6 Rxc6 114. dxc6+ Kc7 115. Kc5 Kc8 116. Kb5 Kc7 117. Kc5 Kc8 118. Kd6 Kd8 119. Kd5 Kc7 120. Kc4 Kxc6 1/2-1/2


[Site "https://www.chess.com"]

[Event "Titled Tuesday Blitz August 1 Late 2023"]
[White "Matlakov, Maxim"]
[Black "Pichot, Alan"]
[WhiteFideId "4168003"]
[BlackFideId "110973"]
[WhiteElo "2975"]
[BlackElo "2854"]
[Result "1-0"]
[Round "8"]
[TimeControl "180+1"]
[Date "2023.08.01"]
[WhiteClock "0:01:19"]
[BlackClock "0:01:18"]
[Board "6"]

1. e4 c5 2. Nf3 e6 3. b3 b6 4. Bb2 Bb7 5. Nc3 d6 6. d4 cxd4 7. Nxd4 a6 8. Qe2 Nf6 9. O-O-O Qc7 10. g4 h6 11. f4 Nbd7 12. Bg2 Rc8 13. h4 h5 14. g5 Ng4 15. g6 e5 16. gxf7+ Kxf7 17. Nf3 Be7 18. Ng5+ Bxg5 19. hxg5 exf4 20. Rdf1 Nde5 21. Rxf4+ Kg8 22. Nd5 Bxd5 23. exd5 Qe7 24. Kb1 Qxg5 25. Rhf1 b5 26. Be4 Nf6 27. Bf5 Re8 28. Be6+ Kh7 29. Rf5 Qg4 30. Rxe5 1-0


[Site "https://www.chess.com"]

[Event "Titled Tuesday Blitz August 1 Late 2023"]
[White "Bortnyk, Olexandr"]
[Black "Perez Ponsa, Federico"]
[WhiteFideId "14120828"]
[BlackFideId "117927"]
[WhiteElo "3060"]
[BlackElo "2884"]
[Result "1-0"]
[Round "8"]
[TimeControl "180+1"]
[Date "2023.08.01"]
[WhiteClock "0:00:32"]
[BlackClock "0:00:02"]
[Board "7"]

1. e4 c5 2. c3 Nf6 3. e5 Nd5 4. d4 cxd4 5. Nf3 d6 6. cxd4 Nc6 7. Bc4 dxe5 8. Nxe5 e6 9. O-O Bd6 10. Nf3 O-O 11. Qe2 Nce7 12. Nc3 Nxc3 13. bxc3 Bd7 14. Bd3 Bc6 15. Ng5 h6 16. Qh5 Nf5 17. Ne4 Bc7 18. Re1 Qh4 19. Qxh4 Nxh4 20. Ba3 Rfe8 21. f3 Rad8 22. Rad1 e5 23. dxe5 Bxe5 24. Bc4 Rxd1 25. Rxd1 Nf5 26. Rd3 Bc7 27. Bd5 Bb6+ 28. Kh1 Bxd5 29. Rxd5 Ne3 30. Rd7 Nc4 31. Be7 f5 32. Ng3 Ne5 33. Rxb7 g6 34. h4 Nc6 35. Bd6 Re1+ 36. Kh2 Bg1+ 37. Kh3 Be3 38. h5 f4 39. Ne4 gxh5 40. Nf6+ Kh8 41. Rh7# 1-0


[Site "https://www.chess.com"]

[Event "Titled Tuesday Blitz August 1 Late 2023"]
[White "Elsa167"]
[Black "Sargsyan, Shant"]
[BlackFideId "13306766"]
[WhiteElo "2773"]
[BlackElo "2974"]
[Result "1-0"]
[Round "8"]
[TimeControl "180+1"]
[Date "2023.08.01"]
[WhiteClock "0:00:07"]
[BlackClock "0:00:00"]
[Board "8"]

1. d4 g6 2. c4 Nf6 3. Nc3 Bg7 4. e4 d6 5. h3 Nbd7 6. Be3 e5 7. d5 h5 8. Bd3 Nc5 9. Qd2 a5 10. Bc2 h4 11. Nf3 Nh5 12. Nxh4 Nf4 13. Bxf4 exf4 14. Nf3 g5 15. O-O-O Bd7 16. Rde1 Qe7 17. e5 dxe5 18. Nxe5 Bxe5 19. Rxe5 Qxe5 20. Re1 f6 21. Rxe5+ fxe5 22. Qe1 O-O-O 23. Qxe5 f3 24. gxf3 Rxh3 25. Ne4 Na6 26. Nxg5 Rh1+ 27. Kd2 Nb4 28. Bf5 Rf1 29. Nf7 Rxf2+ 30. Ke3 Rf1 31. Bxd7+ Kb8 32. Ke2 Re1+ 33. Kxe1 Nd3+ 34. Ke2 Nxe5 35. Nxe5 Rh8 36. Ke3 Rh2 37. a4 Rxb2 38. f4 c6 39. d6 Rb1 40. f5 Re1+ 41. Kf4 Rd1 42. c5 b6 43. f6 bxc5 44. f7 Rf1+ 45. Nf3 Ka7 46. f8=Q Rb1 47. Qd8 Rb7 48. Qxa5+ Kb8 49. Bxc6 Rf7+ 50. Ke5 1-0


[Site "https://www.chess.com"]

[Event "Titled Tuesday Blitz August 1 Late 2023"]
[White "He, Anthony"]
[Black "Grigoriants, Sergey"]
[WhiteFideId "2088215"]
[BlackFideId "4130804"]
[WhiteElo "2938"]
[BlackElo "2852"]
[Result "1-0"]
[Round "8"]
[TimeControl "180+1"]
[Date "2023.08.01"]
[WhiteClock "0:01:09"]
[BlackClock "0:00:00"]
[Board "9"]

1. e4 c5 2. Ne2 Nf6 3. Nbc3 d6 4. g3 g6 5. Bg2 Bg7 6. O-O O-O 7. d4 cxd4 8. Nxd4 Nc6 9. Nb3 Bd7 10. h3 Rb8 11. a4 Na5 12. Be3 Nc4 13. Bc1 Qb6 14. a5 Qc7 15. Re1 Rfc8 16. g4 e6 17. f4 b5 18. axb6 Qxb6+ 19. Kh2 a5 20. Qd3 Be8 21. Rb1 a4 22. Nd2 Nxd2 23. Bxd2 Nd7 24. Be3 Nc5 25. Qd2 Qb4 26. Qxd6 Rc6 27. Qd2 Rbc8 28. e5 R6c7 29. Qf2 a3 30. Na2 Qa4 31. b3 Qa6 32. Red1 Bc6 33. Nb4 Qb5 34. Nxc6 Rxc6 35. Bxc6 Qxc6 36. Bxc5 Qxc5 37. Rd8+ Bf8 38. Qxc5 Rxc5 39. c4 Kg7 40. Ra1 Ra5 41. Rb8 g5 42. Rb5 Rxb5 43. cxb5 gxf4 44. b6 1-0


[Site "https://www.chess.com"]

[Event "Titled Tuesday Blitz August 1 Late 2023"]
[White "Hakobyan, Aram"]
[Black "Golubka, Petro"]
[WhiteFideId "13306677"]
[BlackFideId "14114224"]
[WhiteElo "2926"]
[BlackElo "2761"]
[Result "1-0"]
[Round "8"]
[TimeControl "180+1"]
[Date "2023.08.01"]
[WhiteClock "0:00:29"]
[BlackClock "0:00:00"]
[Board "10"]

1. d4 d5 2. c4 dxc4 3. Nf3 Nf6 4. e3 e6 5. Bxc4 c5 6. O-O a6 7. e4 Nxe4 8. Qe2 Nd6 9. dxc5 Nxc4 10. Qxc4 Nc6 11. Nc3 Na5 12. Qg4 h5 13. Qe4 Bd7 14. Rd1 Nc6 15. Be3 Be7 16. Rd2 Qa5 17. Rad1 Rd8 18. a3 Qc7 19. b4 O-O 20. Bf4 Qc8 21. Bd6 Rfe8 22. Bxe7 Nxe7 23. Ng5 Nf5 24. Qf3 f6 25. Nge4 h4 26. Qg4 Kf7 27. Qxf5 exf5 28. Nd6+ Ke7 29. Nxc8+ Bxc8 30. Rxd8 Rxd8 31. Rxd8 Kxd8 32. f4 g5 33. Kf2 Be6 34. Ke3 Kd7 35. g3 hxg3 36. hxg3 Kc6 37. Kd4 b6 38. cxb6 Kxb6 39. Na4+ Kc6 40. Nc5 Bc8 41. Kc4 Kd6 42. a4 Kc6 43. Kd4 Kd6 44. Kc4 Kc6 45. b5+ axb5+ 46. axb5+ Kb6 47. Kb4 Kc7 48. Kc3 Kb6 49. Kc4 Kc7 50. Na4 Kd6 51. Nb6 Bb7 52. Kd4 Be4 53. Nc4+ Kc7 54. Kc5 Bd3 55. b6+ Kb7 56. Nd6+ Kb8 57. Kd5 Bc2 58. Ke6 gxf4 59. gxf4 Bd3 60. Kxf6 Bc2 61. Ke5 Bb1 62. Kd5 Bd3 63. Kd4 Bb1 64. Kc3 Ka8 65. Kb4 Kb8 66. Kc5 Bc2 67. b7 Bb1 68. Kb6 Bc2 69. Nc4 Be4 70. Na5 1-0


[Site "https://www.chess.com"]

[Event "Titled Tuesday Blitz August 1 Late 2023"]
[White "Harshavardhan G B"]
[Black "Morefield, Jason"]
[WhiteFideId "25059009"]
[BlackFideId "30920825"]
[WhiteElo "2881"]
[BlackElo "2700"]
[Result "1-0"]
[Round "8"]
[TimeControl "180+1"]
[Date "2023.08.01"]
[WhiteClock "0:00:32"]
[BlackClock "0:00:01"]
[Board "11"]

1. d4 Nf6 2. c4 e6 3. Nc3 Bb4 4. f3 c5 5. d5 d6 6. e4 b5 7. Ne2 bxc4 8. Nf4 e5 9. Ne2 Nbd7 10. Ng3 Nb6 11. Be2 Ng8 12. O-O Ne7 13. f4 exf4 14. Bxf4 Ng6 15. Nh5 Bxc3 16. bxc3 O-O 17. Qd2 f6 18. Bg3 Qe7 19. Rae1 Bd7 20. Bd1 Rae8 21. Nf4 Ne5 22. Bc2 Qd8 23. h3 Qc8 24. Kh2 Qa6 25. Bd1 Qa3 26. Re3 Kh8 27. Bh5 Rb8 28. Ne6 Rg8 29. Bxe5 fxe5 30. Bf7 Rbf8 31. Rg3 Bxe6 32. dxe6 Nc8 33. Bxg8 Rxf1 34. Qg5 g6 35. Bxh7 Qc1 36. Qxc1 Rxc1 37. Bxg6 Kg7 38. Bh5+ Kf8 39. Rf3+ Kg8 40. Bg4 Ne7 41. Rf7 Ng6 42. Rxa7 Rxc3 43. Bh5 Nf4 44. e7 1-0


[Site "https://www.chess.com"]

[Event "Titled Tuesday Blitz August 1 Late 2023"]
[White "Ovchinnikov, Vsevolod"]
[Black "Zierk, Steven"]
[WhiteFideId "24176842"]
[BlackFideId "2034255"]
[WhiteElo "2649"]
[BlackElo "2866"]
[Result "0-1"]
[Round "8"]
[TimeControl "180+1"]
[Date "2023.08.01"]
[WhiteClock "0:00:00"]
[BlackClock "0:00:08"]
[Board "12"]

1. d4 d5 2. c4 dxc4 3. Nf3 Nf6 4. e3 e6 5. Bxc4 c5 6. O-O a6 7. a4 Nc6 8. Qe2 Be7 9. Rd1 O-O 10. Nc3 Qc7 11. dxc5 Bxc5 12. Bd2 b6 13. Rac1 Bb7 14. Be1 Rfd8 15. Rxd8+ Rxd8 16. Rd1 Rc8 17. Bxa6 Ra8 18. Bxb7 Qxb7 19. b3 h6 20. Nb5 Nd5 21. g3 Ncb4 22. Ne5 Rc8 23. Nc4 Qe7 24. e4 Nf6 25. Kg2 Nc6 26. f3 h5 27. h4 Nd7 28. Bc3 Nf8 29. Qd2 Rd8 30. Qc1 Rxd1 31. Qxd1 g5 32. hxg5 Qxg5 33. f4 Qg6 34. Qf3 Nd7 35. f5 Qg5 36. Bd2 Qg7 37. fxe6 fxe6 38. Qxh5 Nf6 39. Qf3 Ng4 40. Qf4 Nf2 41. Nc3 Nd3 42. Qg5 Nd4 43. Qxg7+ Kxg7 44. a5 b5 45. Ne5 Nxe5 46. Be3 b4 47. Bxd4 Bxd4 48. Nb5 Bc5 49. a6 Nc6 50. Kf3 Kf6 51. Ke2 Ke5 52. Kd3 Bf2 53. Kc4 Kxe4 54. a7 Nxa7 55. Nc7 e5 56. Kxb4 Kd3 57. Ne6 e4 58. Nf4+ Kd2 59. Nd5 Nc6+ 60. Kc4 Ne5+ 61. Kb5 Kd3 62. Ka6 Kd4 63. Nf4 e3 64. Kb7 Nd3 65. Ne2+ Ke4 66. Nc3+ Kf3 67. Kc6 Be1 0-1


[Site "https://www.chess.com"]

[Event "Titled Tuesday Blitz August 1 Late 2023"]
[White "Pranav, V"]
[Black "Kuzmicz, Krystian"]
[WhiteFideId "25060783"]
[BlackFideId "1119125"]
[WhiteElo "3006"]
[BlackElo "2701"]
[Result "1-0"]
[Round "8"]
[TimeControl "180+1"]
[Date "2023.08.01"]
[WhiteClock "0:02:14"]
[BlackClock "0:00:48"]
[Board "13"]

1. e4 c5 2. Nf3 e6 3. d4 cxd4 4. Nxd4 Nf6 5. Nc3 Nc6 6. a3 d6 7. Nxc6 bxc6 8. Bd3 e5 9. O-O Be7 10. h3 O-O 11. b3 Be6 12. Re1 Nd7 13. Na4 Nb6 14. Nb2 f6 15. c4 d5 16. Qc2 g6 17. Bh6 Rf7 18. Rad1 d4 19. c5 Nd7 20. b4 a5 21. Bc4 Bxc4 22. Nxc4 axb4 23. axb4 Rb8 24. Na5 Qc7 25. Bd2 Nf8 26. Ra1 Ne6 27. Qc4 Qc8 28. Nxc6 Qxc6 29. Ra6 Qc8 30. Rxe6 Kg7 31. Ra1 Bf8 32. Rea6 Qb7 33. Rb6 Qc7 34. Rxb8 Qxb8 35. Bh6+ Kg8 36. Qd5 1-0


[Site "https://www.chess.com"]

[Event "Titled Tuesday Blitz August 1 Late 2023"]
[White "Bjelobrk, Igor"]
[Black "Xiong, Jeffery"]
[WhiteFideId "4300726"]
[BlackFideId "2047640"]
[WhiteElo "2679"]
[BlackElo "2976"]
[Result "1-0"]
[Round "8"]
[TimeControl "180+1"]
[Date "2023.08.01"]
[WhiteClock "0:00:17"]
[BlackClock "0:00:31"]
[Board "15"]

1. d4 d5 2. c4 e6 3. Nf3 Nf6 4. g3 dxc4 5. Bg2 c6 6. O-O b5 7. Ne5 Bb7 8. a4 a6 9. Nc3 Qb6 10. Ne4 Be7 11. b3 cxb3 12. a5 Qd8 13. Bb2 O-O 14. Qxb3 Nbd7 15. Nxf6+ Nxf6 16. Nxc6 Bxc6 17. Bxc6 Rb8 18. Rfc1 h5 19. h4 Ng4 20. Bf3 Rc8 21. Kg2 Qd7 22. d5 Bf6 23. dxe6 fxe6 24. Rxc8 Qxc8 25. Rc1 Qd7 26. Rd1 Qa7 27. Qxe6+ Kh8 28. Bxg4 hxg4 29. Bxf6 Rxf6 30. Rd8+ Kh7 31. Qe4+ g6 32. e3 Qf7 33. Rd2 Qe6 34. Qxe6 Rxe6 35. Rd4 Rc6 36. Rxg4 Rc2 37. e4 Ra2 38. e5 Rxa5 39. e6 Kg7 40. h5 Ra4 41. Rxg6+ Kf8 42. h6 1-0


[Site "https://www.chess.com"]